 Dungeon Crawl Stone Soup version 0.31.0-9-g3a7656b989 (webtiles) character file.

Game seed: 10146574309713929437

17724 Eitelfritz the Fencer (level 12, -7/106 HPs)
             Began as a Minotaur Gladiator on Feb 4, 2024.
             Was the Champion of Okawaru.
             Mangled by an elephant simulacrum (9 damage)
             ... in an ice cave.
             The game lasted 00:29:02 (11967 turns).

Eitelfritz the Fencer (Minotaur Gladiator)         Turns: 11967, Time: 00:29:05

Health: -7/106     AC: 20    Str: 21    XL:     12   Next: 21%
Magic:  23/23      EV: 10    Int: 14    God:    Okawaru [******]
Gold:   355        SH:  0    Dex: 16    Spells: 11/11 levels left

rFire   + + .        a - +9 great sword (freeze)
rCold   + . .        (shield currently unavailable)
rNeg    . . .        t - +1 plate armour of Dice, Bag, and Bottle {+Blink Fly Regen+ Slay+2}
rPois   +            c - +0 hat
rElec   +            L - scarf {rC+ rF+}
rCorr   +            g - +0 pair of gloves
SInv    .            Q - +2 pair of boots "Vocsuq" {MP+9 Int+7 Dex+3}
Will    .....        G - amulet of the acrobat Stlth
                     P - ring of poison resistance
HPRegen 1.17/turn    N - ring of resist corrosion
MPRegen 0.18/turn

%: acrobat
@: resistant, flying
A: horns 2, retaliatory headbutt, cold vulnerability 1
a: Renounce Religion, Evoke Blink, Heroism, Finesse, Duel, Receive Weapon,
Receive Armour


You were in an ice cave.
You worshipped Okawaru.
Okawaru was exalted by your worship.
You visited 2 branches of the dungeon, and saw 13 of its levels.
You also visited: Ice Cave.

You collected 647 gold pieces.
You spent 292 gold pieces at shops.

Inventory:

Hand Weapons
 a - a +9 great sword of freezing (weapon)
 b - a +0 arbalest
 l - a +0 spectral triple sword
 C - a +5 scimitar
 H - a +3 morningstar
Missiles
 d - 3 throwing nets
 e - a javelin
 i - 59 poisoned darts (quivered)
 w - 6 atropa-tipped darts
 y - 9 curare-tipped darts
 E - 8 boomerangs
Armour
 c - a +0 hat (worn)
 g - a +0 pair of gloves (worn)
 t - the +1 plate armour of Dice, Bag, and Bottle (worn) {+Blink Fly Regen+ Slay+2}
   (You found it on level 9 of the Dungeon)

   Slay+2:    It affects your accuracy & damage with ranged weapons and melee
   (+2).
   Fly:       It grants you flight.
   +Blink:    It lets you blink.
   Regen+:    It increases your rate of health regeneration.
 L - a scarf of resistance (worn)
 Q - the +2 pair of boots "Vocsuq" (worn) {MP+9 Int+7 Dex+3}
   (You found it on level 11 of the Dungeon)

   Int+7:     It affects your intelligence (+7).
   Dex+3:     It affects your dexterity (+3).
   MP+9:      It affects your magic capacity (+9).
Jewellery
 F - an amulet of faith
 G - an amulet of the acrobat (around neck)
 N - a ring of resist corrosion (right hand)
 P - a ring of poison resistance (left hand)
 R - a ring of ice
Wands
 k - a wand of flame (43)
 J - a wand of mindburst (14)
 K - a wand of digging (5)
 O - a wand of quicksilver (8)
Scrolls
 h - 4 scrolls of teleportation
 j - 3 scrolls of torment
 m - a scroll of fog
 p - a scroll of vulnerability
 v - 2 scrolls of identify
 A - 4 scrolls of amnesia
 D - 3 scrolls of poison
Potions
 f - a potion of brilliance
 n - 3 potions of ambrosia
 o - a potion of berserk rage
 q - a potion of cancellation
 r - 6 potions of might
 s - 3 potions of lignification
 u - 2 potions of mutation
 x - 3 potions of haste
 B - 3 potions of curing
 I - a potion of enlightenment


   Skills:
 + Level 10.0 Fighting
 + Level 16.4 Long Blades
 + Level 3.2 Ranged Weapons
 + Level 2.3 Throwing
 + Level 9.9 Armour
 + Level 7.5 Dodging
 + Level 2.2 Stealth
 * Level 5.3 Invocations
 + Level 0.7 Evocations


You had 11 spell levels left.
You didn't know any spells.
Your spell library contained the following spells:

 Spells                   Type           Power      Damage    Failure   Level
 Apportation              Tloc           0%         N/A       99%         1
 Necrotise                Necr           0%         1d4       99%         1
 Sting                    Conj/Alch      0%         1d3       99%         1
 Cigotuvi's Dreadful Rot  Necr/Alch/Air  0%         N/A       100%        2
 Ensorcelled Hibernation  Hex/Ice        0%         N/A       100%        2
 Sublimation of Blood     Necr           0%         N/A       100%        2
 Hailstorm                Conj/Ice       0%         3d5       100%        3
 Inner Flame              Hex/Fire       0%         N/A       100%        3
 Passwall                 Erth           0%         N/A       100%        3
 Swiftness                Air            0%         N/A       100%        3
 Dispel Undead            Necr           0%         3d6       100%        4
 Flame Wave               Conj/Fire      0%         2d4       100%        4
 Iskenderun's Mystic Bla  Conj/Tloc      0%         2d3       100%        4
 Olgreb's Toxic Radiance  Alch           0%         N/A       100%        4
 Petrify                  Alch/Erth      0%         N/A       100%        4
 Sticky Flame             Fire/Alch      0%         2d4       100%        4
 Vhi's Electric Charge    Tloc/Air       0%         N/A       100%        4
 Arcjolt                  Conj/Air       0%         1d10      100%        5
 Irradiate                Conj/Alch      0%         3d11      100%        5
 Plasma Beam              Fire/Air       0%         2x1d10    100%        6
 Ozocubu's Refrigeration  Ice            0%         4d7       100%        7
 Discord                  Hex            0%         N/A       100%        8
 Summon Small Mammal      Summ           Unusable   N/A       N/A         1
 Martyr's Knell           Necr/Summ      Unusable   N/A       N/A         4
 Summon Blazeheart Golem  Fire/Summ      Unusable   N/A       N/A         4
 Death Channel            Necr           Unusable   N/A       N/A         6

Dungeon Overview and Level Annotations

Branches:
Dungeon (12/15)            Temple (1/1) D:5            Lair (0/5) D:8
    Orc (0/2) D:9           IceCv (1/1)

Altars:
Ashenzari
Cheibriados
Dithmenos
Elyvilon
Fedhas
Gozag
Hepliaklqana
Kikubaaqudgha
Makhleb
Nemelex Xobeh
Okawaru
Qazlal
Ru
Sif Muna
Trog
Uskayaw
Vehumet
Wu Jian
Xom
Yredelemnul
Zin
The Shining One

Shops:
D:3 :   D:6 *   D:7 !   D:8 ((   D:9 =

Portals:
Trove: D:11 (give 18 scrolls of teleportation)


Innate Abilities, Weirdness & Mutations

You have a pair of horns on your head.
You reflexively headbutt those who attack you in melee.
You are vulnerable to cold. (rC-)


Message History

The elephant simulacrum tramples you.
You hold your ground!
The elephant simulacrum misses you.
The elephant simulacrum tramples you but does no damage.
The elephant simulacrum trunk-slaps you but does no damage.
You closely miss the freezing wraith.
Your headbutt misses the freezing wraith.
The freezing wraith is moderately damaged.
The freezing wraith hits you. The freezing wraith freezes you! You resist.
* * * LOW HITPOINT WARNING * * *
The freezing wraith hits you but does no damage.
The elephant simulacrum tramples you but does no damage.
The elephant simulacrum trunk-slaps you but does no damage.
The elephant simulacrum tramples you.
* * * LOW HITPOINT WARNING * * *
You hold your ground!
The elephant simulacrum trunk-slaps you.
* * * LOW HITPOINT WARNING * * *
The elephant simulacrum freezes you. You resist.
* * * LOW HITPOINT WARNING * * *
You slice the freezing wraith!!
The freezing wraith is almost destroyed.
The freezing wraith barely misses you. You furiously retaliate!
You headbutt the freezing wraith!
You destroy the freezing wraith!
Okawaru accepts your kill.
Unknown command.
You hit the death yak simulacrum but do no damage.
The death yak simulacrum is almost destroyed.
The polar bear simulacrum bites you!
* * * LOW HITPOINT WARNING * * *
The polar bear simulacrum freezes you! You resist.
* * * LOW HITPOINT WARNING * * *
The polar bear simulacrum claws you but does no damage.
The polar bear simulacrum closely misses you.
The elephant simulacrum tramples you.
* * * LOW HITPOINT WARNING * * *
You hold your ground!
The elephant simulacrum closely misses you.
The elephant simulacrum tramples you!
You die...

####
####...##
##........
##.........
##Z.........
#@Z.....8..(
#ZZ.......!.
#∩∩......!(©
#.........(.
#.......8..(
##..........
##.........
##........
###...#


You could see a death yak simulacrum, 2 elephant simulacra and a polar bear
simulacrum.

Vanquished Creatures
  Fannar (D:10)
  A vault guard (D:11)
  A two-headed ogre (D:8)
  A soul eater (D:11)
  2 cyclopes (D:11)
  A manticore (D:12)
  An elephant (D:8)
  3 rust devils (D:11)
  Joseph (D:9)
  A kobold demonologist (D:9)
  A freezing wraith (IceCv)
  2 ice devils (D:11)
  2 hellwings (D:11)
  2 trolls
  A red devil (D:11)
  A hornet (D:10)
  4 slime creatures (D:12)
  2 wyverns
  10 yaks
  A neqoxec (D:11)
  A basilisk (D:8)
  3 chaos spawn (D:11)
  A steam dragon (D:9)
  4 vampire mosquitoes (D:11)
  An acid dragon (D:10)
  8 orc warriors
  2 sky beasts
  3 black bears
  2 ogres
  7 centaurs
  A phantom (D:5)
  12 kobold brigands
  3 bullfrogs
  5 scorpions
  2 gnoll sergeants
  21 wights
  9 killer bees
  2 howler monkeys (D:7)
  2 bombardier beetles
  4 gnoll boudas
  10 orc priests
  5 hounds
  5 jellies
  3 iguanas
  2 sleepcaps (D:5)
  9 orc wizards
  A hound zombie (D:3)
  22 gnolls
  10 adders
  2 shadow imps (D:9)
  2 white imps (D:6)
  6 ufetubi
  A dart slug (D:2)
  A ribbon worm (D:2)
  48 orcs
  8 ball pythons
  5 endoplasms
  3 giant cockroaches
  6 goblins
  16 hobgoblins
  45 kobolds
  A quokka (D:2)
  7 bats
  10 frilled lizards
  12 kobold skeletons (D:9)
  6 kobold zombies (D:9)
  9 rats
387 creatures vanquished.

Vanquished Creatures (others)
  A gnoll (D:9)
1 creature vanquished.

Grand Total: 388 creatures vanquished

Notes
Turn   | Place    | Note
-------+----------+-------------------------------------------
     0 | D:1      | Eitelfritz the Minotaur Gladiator began the quest for the
                  | Orb.
     0 | D:1      | Reached XP level 1. HP: 18/18 MP: 0/0
   193 | D:1      | Reached XP level 2. HP: 25/25 MP: 1/1
   358 | D:1      | Got the Almanac of the Scintillating Pyromaniac
   380 | D:1      | Reached skill level 4 in Long Blades
   791 | D:2      | Reached skill level 1 in Armour
   791 | D:2      | Reached XP level 3. HP: 30/30 MP: 2/2
  1495 | D:2      | Reached XP level 4. HP: 34/37 MP: 3/3
  1503 | D:2      | Reached skill level 5 in Long Blades
  1879 | D:3      | Reached XP level 5. HP: 19/45 MP: 4/4
  2273 | D:3      | Found Dunask's Vocational Training.
  2279 | D:3      | Noticed an ogre
  2527 | D:3      | Killed an ogre
  2528 | D:3      | Reached skill level 6 in Long Blades
  2528 | D:3      | Reached XP level 6. HP: 50/52 MP: 5/5
  3543 | D:5      | Entered Level 5 of the Dungeon
  3581 | D:5      | Reached skill level 5 in Dodging
  3814 | D:5      | Reached XP level 7. HP: 43/59 MP: 6/6
  3979 | D:5      | HP: 3/60 [centaur (3)]
  3985 | D:5      | Reached skill level 7 in Long Blades
  4406 | D:5      | Reached skill level 5 in Armour
  4475 | D:4      | Reached skill level 5 in Fighting
  4475 | D:4      | Reached XP level 8. HP: 36/68 MP: 7/7
  4738 | D:5      | Identified the +1 ring mail of Yredelemnul's Delight
                  | {Rampage rElec Int+5 Dex-5}
  4869 | D:5      | Reached skill level 1 in Ranged Weapons
  4869 | D:5      | Reached skill level 1 in Stealth
  5164 | D:5      | Found a staircase to the Ecumenical Temple.
  5174 | Temple   | Entered the Ecumenical Temple
  5182 | Temple   | Became a worshipper of Warmaster Okawaru
  5262 | D:5      | Identified a scroll of acquirement
  5262 | D:5      | Acquired a +0 triple sword of electrocution
  5557 | D:6      | Reached skill level 8 in Long Blades
  5696 | D:6      | Reached * piety under Okawaru
  5763 | D:6      | Found Xobolich's General Store.
  5766 | D:6      | Bought a scroll of identify for 28 gold pieces
  5766 | D:6      | Bought a scroll of identify for 28 gold pieces
  5766 | D:6      | Bought a scroll of fog for 56 gold pieces
  5766 | D:6      | Bought 6 curare-tipped darts for 100 gold pieces
  6112 | D:6      | Reached skill level 9 in Long Blades
  6114 | D:6      | Reached XP level 9. HP: 43/75 MP: 8/8
  6463 | D:6      | Found an opulent altar of Gozag.
  7023 | D:7      | Reached ** piety under Okawaru
  7024 | D:7      | Reached skill level 10 in Long Blades
  7549 | D:7      | Reached skill level 11 in Long Blades
  7864 | D:7      | Found Diwkial's Distillery.
  7873 | D:7      | Bought a potion of enlightenment for 50 gold pieces
  7873 | D:7      | Bought a potion of curing for 30 gold pieces
  8080 | D:8      | Found a shadowy altar of Dithmenos.
  8116 | D:8      | Found Ukuit's Antique Weapon Shop.
  8126 | D:8      | Reached *** piety under Okawaru
  8334 | D:8      | Reached XP level 10. HP: 27/86 MP: 9/9
  8435 | D:8      | Noticed an elephant
  8518 | D:8      | Killed an elephant
  8519 | D:8      | Reached skill level 12 in Long Blades
  8609 | D:8      | Reached **** piety under Okawaru
  8723 | D:8      | Found a staircase to the Lair.
  9118 | D:8      | Found Cicinisu's Weapon Emporium.
  9144 | D:8      | Noticed a two-headed ogre
  9149 | D:8      | Killed a two-headed ogre
  9150 | D:8      | Reached skill level 13 in Long Blades
  9428 | D:9      | Identified the +1 plate armour of Dice, Bag, and Bottle
                  | {+Blink Fly Regen+ Slay+2}
  9591 | D:9      | Found an ancient bone altar of Kikubaaqudgha.
  9599 | D:9      | Noticed a sun demon
  9657 | D:9      | Reached skill level 1 in Invocations
  9659 | D:9      | Reached ***** piety under Okawaru
  9725 | D:9      | Found Oceistid's Jewellery Boutique.
  9743 | D:9      | Reached skill level 14 in Long Blades
  9881 | D:9      | Noticed Joseph
  9961 | D:9      | Killed Joseph
  9998 | D:9      | Reached XP level 11. HP: 68/95 MP: 11/11
 10008 | D:9      | Received a gift from Okawaru
 10066 | D:9      | Found a staircase to the Orcish Mines.
 10083 | D:9      | Found a stormy altar of Qazlal.
 10174 | D:9      | Found a broken altar of Ashenzari.
 10246 | D:10     | Entered Level 10 of the Dungeon
 10577 | D:10     | Noticed Fannar
 10592 | D:10     | Killed Fannar
 10899 | D:10     | Reached skill level 15 in Long Blades
 11099 | D:11     | Noticed a soul eater
 11114 | D:11     | Killed a soul eater
 11163 | D:11     | Received a gift from Okawaru
 11339 | D:11     | Identified the +2 pair of boots "Vocsuq" {MP+9 Int+7 Dex+3}
 11495 | D:11     | Gained mutation: You are vulnerable to cold. (rC-) [a
                  | neqoxec]
 11633 | D:11     | Reached skill level 16 in Long Blades
 11639 | D:11     | Reached XP level 12. HP: 95/106 MP: 14/14
 11641 | D:11     | Reached ****** piety under Okawaru
 11806 | D:11     | Noticed a vault guard
 11810 | D:11     | Killed a vault guard
 11811 | D:11     | Reached skill level 5 in Invocations
 11814 | D:11     | Found a portal to a secret trove of treasure.
 11883 | D:12     | Found a frozen archway.
 11895 | D:12     | Received a gift from Okawaru
 11909 | D:12     | Reached skill level 10 in Fighting
 11950 | IceCv    | Entered an ice cave
 11967 | IceCv    | HP: 3/106 [polar bear simulacrum (9)]
 11967 | IceCv    | Mangled by an elephant simulacrum

Illustrated notes

Levels and vault maps discovered:
D:1:      dpeg_arrival_tiny_h, layout_loops_ring, minmay_tetromino_l4
D:2:      layout_basic, minmay_misc_feat_rugged, chequers_serial_rivers_micro_c,
          minmay_divided_ellipse
D:3:      layout_basic, serial_undead, serial_undead_e, serial_undead_b,
          serial_undead_c, serial_undead_f, serial_undead_e, serial_undead_b,
          nicolae_shop_vocational
D:4:      layout_loops_cross
D:5:      nicolae_cairo_tiling, layout_basic,
          minmay_temple_entry_enclosed_plants, blue_anna_alchemist
D:6:      wad_river_or_something, layout_loops_corners,
          nicolae_gozag_cash_rules_everything_around_me, serial_shops,
          nicolae_shop_real_fake_doors, minmay_lizard_king
D:7:      layout_basic, serial_shops, shop
D:8:      layout_basic, grunt_dithmenos_smoke_and_mirrors, david_lair_generic,
          serial_shops, nicolae_shop_crystal, nicolae_shop_back_alley_shop
D:9:      wander_kiku_kobolds, layout_cave_pools,
          mainiacjoe_overflow_large_starburst, david_orc_5, serial_shops, shop,
          minmay_holes, uniq_joseph
D:10:     layout_roguey, uniq_fannar
D:11:     layout_loops_ring, serial_demonic, serial_demonic_d, serial_demonic_a,
          serial_demonic_a, serial_demonic_c, serial_demonic_b,
          serial_demonic_a, enter_trove_5
D:12:     layout_long_grid, portal_ice_cave_entry_pillars_1, minmay_hedge_maze,
          kennysheep_generic_room_13
Temple:   nicolae_temple_two_arcs
IceCv:    ice_cave_statue_garden_transporter

Skill      XL: |  1  2  3  4  5  6  7  8  9 10 11 12 |
---------------+-------------------------------------+-----
Long Blades    | 4 5 6 7 9 11 14 16 | 16.4
Armour         | 1 2 3 5 6 7 8 9 |  9.9
Fighting       | 3 4 5 6 7 8 9 10 | 10.0
Dodging        | 4 5 6 7 |  7.5
Ranged Weapons | 2 3 |  3.2
Stealth        | 1 2 |  2.2
Invocations    | 2 4 5 |  5.3
Throwing       | |  2.3
Evocations     | |  0.7

Action                     |  1- 3 |  4- 6 |  7- 9 | 10-12 || total
---------------------------+-------+-------+-------+-------++-------
  Melee: Long sword        |    81 |   157 |   129 |       ||   367
         Headbutt          |    11 |    30 |    61 |    81 ||   183
         Punch             |       |     2 |     1 |       ||     3
         Great sword       |       |       |   137 |   391 ||   528
   Fire: Orcbow            |       |       |    11 |     3 ||    14
         Arbalest          |       |       |       |     9 ||     9
  Throw: Dart              |       |     2 |       |       ||     2
  Evoke: Wand              |       |       |       |     3 ||     3
    Use: Scroll            |       |    11 |     6 |     5 ||    22
         Potion            |       |     1 |     3 |     2 ||     6
 Armour: Leather armour    |    47 |    67 |       |       ||   114
         Ring mail         |       |    85 |   205 |    34 ||   324
         Plate armour      |       |       |       |   285 ||   285
  Dodge: Dodged            |    72 |   128 |   230 |   191 ||   621
